 Dungeon Crawl Stone Soup version 0.30.1-1-g62c8e00024 (webtiles) character file.

Game seed: 10453624541707619551

87 anestheticheart the Conjurer (level 4, 0/28 HPs)
             Began as a Gargoyle Reaver on July 16, 2023.
             Was a Plaything of Xom.
             Killed by divine providence
             ... invoked by an orc priest
              (14 damage)
             ... on level 3 of the Dungeon.
             The game lasted 00:19:11 (1882 turns).

anestheticheart the Conjurer (Gargoyle Reaver)      Turns: 1882, Time: 00:19:12

Health: 0/28       AC:  7    Str: 18    XL:     4   Next: 51%
Magic:  7/7        EV: 11    Int: 13    God:    Xom [..*...]
Gold:   188        SH:  0    Dex:  8    Spells: 4/7 levels left

rFire   . . .        a - +0 mace (spect)
rCold   . . .        (no shield)
rNeg    + . .        b - +0 leather armour
rPois   ∞            s - +0 helmet
rElec   +            (no cloak)
rCorr   .            (no gloves)
SInv    .            (no boots)
Will    .....        (no amulet)
Stlth   +            (no ring)
HPRegen 0.24/turn    (no ring)
MPRegen 0.10/turn

%: no passive effects
@: no status effects
A: sickness immunity, AC +3, negative energy resistance 1, electricity
resistance, torment resistance 1, petrification resistance
a: Renounce Religion


You were on level 3 of the Dungeon.
You worshipped Xom.
You were a toy of Xom.
You visited 1 branch of the dungeon, and saw 4 of its levels.

You collected 188 gold pieces.

Inventory:

Hand Weapons
 a - a +0 spectral mace (weapon)
Missiles
 m - 9 stones (quivered)
Armour
 b - a +0 leather armour (worn)
 i - a +0 scale mail
 s - a +0 helmet (worn)
Jewellery
 n - an amulet of guardian spirit
 p - an amulet of magic regeneration
Scrolls
 d - 2 scrolls of enchant weapon {unknown}
 e - a scroll of immolation {unknown}
 f - a scroll of teleportation
 h - a scroll of acquirement {unknown}
 r - a scroll of amnesia {unknown}
Potions
 c - a potion of attraction {unknown}
 g - a potion of brilliance {unknown}
 j - a potion of degeneration {unknown}
 k - 2 potions of heal wounds {unknown}
 l - a potion of lignification {unknown}
 o - a potion of curing {unknown}
 q - 2 potions of berserk rage {unknown}


   Skills:
 + Level 3.0 Fighting
 + Level 3.6 Maces & Flails
 + Level 1.4 Armour
 - Level 1.6 Dodging
 + Level 2.4 Spellcasting
 + Level 4.0 Conjurations


You had 4 spell levels left.
You knew the following spells:

 Your Spells              Type           Power      Damage    Failure   Level
a - Kiss of Death         Conj/Necr      24%        2d7       13%         1
b - Momentum Strike       Conj/Tloc      12%        3d8       19%         2

Your spell library contained the following spells:

 Spells                   Type           Power      Damage    Failure   Level
 Hailstorm                Conj/Ice       6%         3d4       36%         3


Dungeon Overview and Level Annotations

Branches:
Dungeon (4/15)
 Temple: D:4-7

Altars:
Xom
The Shining One

Annotations:
D:3 Sigmund


Innate Abilities, Weirdness & Mutations

You are immune to sickness and miasma.
Your stone body is resilient. (AC +3)
You are immune to poison.
You resist negative energy. (rN+)
You are resistant to electric shocks. (rElec)
You are resistant to unholy torment.
You are immune to petrification.


Message History

An orc priest comes into view.
It is wielding a +2 falchion of holy wrath.
The orc shouts!
The orc priest shouts!
The orc priest looks braver for a moment.
You hit the orc but do no damage.
Your +0 spectral mace completely misses the orc.
The orc barely misses your +0 spectral mace.
The orc hits you with a +0 flail!
A shower of butterflies erupts from you!
You barely miss the orc.
Your +0 spectral mace hits the orc but does no damage.
The orc closely misses you.
You barely miss the orc.
Your +0 spectral mace hits the orc but does no damage.
The orc hits you but does no damage.
You hit the orc but do no damage.
Your +0 spectral mace closely misses the orc.
The orc closely misses you.
You hit the orc but do no damage.
Your +0 spectral mace hits the orc.
The orc hits you but does no damage.
The orc closely misses your +0 spectral mace.
You hit the orc but do no damage.
The orc is heavily wounded.
Your +0 spectral mace closely misses the orc.
The orc hits you with a +0 flail.
You completely miss the orc.
The orc is heavily wounded.
Your +0 spectral mace hits the orc but does no damage.
The orc misses your +0 spectral mace.
You closely miss the orc.
The orc is heavily wounded.
Your +0 spectral mace closely misses the orc.
The orc hits you with a +0 flail!
You are too injured to fight recklessly!
Your +0 spectral mace disappears.
You swap places.
The orc priest calls down the wrath of Beogh upon you.
Beogh smites you!
Ouch! That really hurt!
You die...
Xom howls with laughter!

.# ### .. #.# #o #.# .####.
#.## .#..#.##<.#
#.o...##########
#..####....b...####
#.oo###b#.b.##....########
#..##>.#o.o@..bb.....##.....
##. ##oo.######.......#.....
# ######.##.............<
...#....##########
##.####.†###.....##
#####...##P..P...#
........#....PP.P. .
#####...########## ..
##............


You could see an orc priest and 3 orcs.

Vanquished Creatures
  2 adders
  2 dart slugs
  6 orcs (D:4)
  7 endoplasms
  A giant cockroach (D:1)
  4 goblins (D:2)
  A hobgoblin (D:3)
  6 jackals
  6 kobolds
  A quokka (D:1)
  7 ball pythons
  3 bats
  5 frilled lizards
  5 rats
56 creatures vanquished.

Notes
Turn   | Place    | Note
-------+----------+-------------------------------------------
     0 | D:1      | anestheticheart the Gargoyle Reaver began the quest for the
                  | Orb.
     0 | D:1      | Reached XP level 1. HP: 12/12 MP: 3/3
   149 | D:1      | Reached XP level 2. HP: 7/17 MP: 5/5
   665 | D:2      | Reached XP level 3. HP: 22/22 MP: 6/6
   837 | D:2      | Reached skill level 1 in Armour
  1024 | D:2      | You fall into a shaft and drop 2 floors!
  1034 | D:4      | Learned a level 2 spell: Momentum Strike
  1094 | D:3      | Reached XP level 4. HP: 27/27 MP: 5/7
  1094 | D:3      | Noticed Sigmund
  1630 | D:2      | Found a glowing golden altar of the Shining One.
  1649 | D:2      | Reached skill level 4 in Conjurations
  1744 | D:3      | Found a faded altar of an unknown god.
  1755 | D:3      | Prayed at the altar of an unknown god.
  1755 | D:3      | Became a worshipper of Xom of Unknown Intention
  1872 | D:3      | XOM: butterfly on damage
  1882 | D:3      | Killed from afar by an orc priest

Illustrated notes

Levels and vault maps discovered:
D:1:      sevenhm_arrival_forest_fort_small_3, layout_rooms
D:2:      layout_basic, basic_altar, dk_noncrumbling_3
D:3:      layout_rooms, nicolae_ecumenical_oubliette, serial_aquarium,
          aquarium_bridge_straight [aquarium_subvault_bridge,
          aquarium_subvault_window, aquarium_subvault_bridge,
          aquarium_subvault_window], aquarium_window_2, aquarium_window_fake,
          aquarium_window_fake, aquarium_view_2c, aquarium_view_2b,
          gup_sewer_entry_pipe, uniq_sigmund
D:4:      layout_loops_ring, minmay_misc_feat_cross, minmay_starry_boxes,
          uniq_grinder

Skill      XL: |  1  2  3  4 |
---------------+-------------+-----
Armour         | 1 |  1.4
Conjurations   | 4 |  4.0
Fighting       | 3 |  3.0
Maces & Flails | |  3.6
Dodging        | |  1.6
Spellcasting   | |  2.4

Action                     |  1- 3 |  4- 6 || total
---------------------------+-------+-------++-------
  Melee: Mace              |   139 |    32 ||   171
  Throw: Stone             |     7 |     3 ||    10
   Cast: Momentum Strike   |     2 |       ||     2
    Use: Scroll            |     1 |     2 ||     3
 Armour: Leather armour    |    57 |     8 ||    65
  Dodge: Dodged            |    86 |    10 ||    96
